[ PARTIDA AOE2 · #472517813 ]
1v1 RMWu vs Goths
Equipo del jugador · DERR
Equipo rival · VICT
[ ANÁLISIS DE REPETICIÓN · EXTRAÍDO DE LA PARTIDA GRABADA ]
Feudal
11:06
Castillos
20:04
Imperial
38:43
| APM promedio | 31.7 |
| APM pico | 92 |
| eAPM promedio | 21.5 |
| Aldeanos / militares | 226 / 701 |
Foco
⚔️ 43.4% · 🌾 56.6%
Scout Cavalry ×264 · Skirmisher ×248 · Unknown (1968) ×182 · Scorpion ×138 · Unknown (1944) ×97 · Unknown (1974) ×42
Feudal
11:21
Castillos
16:33
Imperial
36:22
| APM promedio | 18.1 |
| APM pico | 46 |
| eAPM promedio | 15.4 |
| Aldeanos / militares | 201 / 1287 |
Foco
⚔️ 46.2% · 🌾 53.8%
Spearman ×726 · Skirmisher ×240 · Scout Cavalry ×201 · Huskarl ×92 · Bombard Cannon ×21 · Trebuchet (Packed) ×5
Mapa de la partida
Recursos iniciales + cada clic de construcción. Líneas = muros · curvas = relieve. ◆ oro · ⬟ piedra · ● bayas · ✦ reliquia · ◌ hueco del cierre
Tu base· ✓ Cerrada en 20:04 · 0t muro · 3 puerta(s)
Base de savinbel· ✓ Cerrada en 16:33 · 0t muro · 3 puerta(s)
Terreno inicial suavizado · ◌ = hueco del cierre detectado · pasá el cursor para detalles
Inputs por minuto
— emremaxcom - - savinbel
Build order — emremaxcom
Primeras 150 de 818 acciones detectadas
| 0:01 | Crear | Villager (Male) |
| 0:01 | Crear | Villager (Male) |
| 0:01 | Crear | Villager (Male) |
| 0:02 | Construir | House |
| 0:05 | Construir | House |
| 0:07 | Crear | Villager (Male) |
| 0:07 | Crear | Villager (Male) |
| 1:25 | Crear | Villager (Male) |
| 1:25 | Crear | Villager (Male) |
| 2:05 | Crear | Villager (Male) |
| 2:09 | Crear | Villager (Male) |
| 2:09 | Crear | Villager (Male) |
| 2:12 | Construir | Lumber Camp |
| 2:52 | Crear | Villager (Male) |
| 2:52 | Crear | Villager (Male) |
| 2:52 | Crear | Villager (Male) |
| 3:31 | Crear | Villager (Male) |
| 3:31 | Crear | Villager (Male) |
| 3:38 | Crear | Villager (Male) |
| 3:38 | Crear | Villager (Male) |
| 3:53 | Construir | House |
| 4:10 | Crear | Villager (Male) |
| 4:10 | Crear | Villager (Male) |
| 4:11 | Crear | Villager (Male) |
| 4:12 | Crear | Villager (Male) |
| 4:58 | Crear | Villager (Male) |
| 4:58 | Crear | Villager (Male) |
| 5:12 | Crear | Villager (Male) |
| 5:12 | Crear | Villager (Male) |
| 5:16 | Construir | House |
| 5:49 | Crear | Villager (Male) |
| 5:50 | Crear | Villager (Male) |
| 5:50 | Crear | Villager (Male) |
| 7:03 | Crear | Villager (Male) |
| 7:28 | Crear | Villager (Male) |
| 7:52 | Construir | Mill |
| 8:40 | Investigar | Feudal Age |
| 9:05 | Construir | Lumber Camp |
| 9:15 | Construir | Lumber Camp |
| 9:33 | Construir | Mining Camp |
| 10:07 | Crear | Villager (Male) |
| 10:07 | Crear | Villager (Male) |
| 10:55 | Construir | House |
| 10:57 | Construir | House |
| 11:06 | Edad | Edad Feudal |
| 11:13 | Investigar | Double-Bit Axe |
| 11:14 | Investigar | Horse Collar |
| 11:17 | Crear | Villager (Male) |
| 11:26 | Construir | Blacksmith |
| 11:28 | Construir | Market |
| 11:38 | Construir | Farm |
| 11:38 | Construir | Farm |
| 11:38 | Construir | Farm |
| 11:39 | Construir | Farm |
| 11:39 | Construir | Farm |
| 11:59 | Construir | Farm |
| 12:00 | Construir | Farm |
| 12:09 | Construir | House |
| 12:10 | Construir | House |
| 12:11 | Crear | Villager (Male) |
| 12:12 | Crear | Villager (Male) |
| 12:38 | Construir | Farm |
| 12:39 | Construir | Farm |
| 12:56 | Crear | Villager (Male) |
| 13:01 | Construir | Farm |
| 13:14 | Crear | Villager (Male) |
| 13:27 | Construir | Farm |
| 13:27 | Construir | Farm |
| 13:28 | Construir | Farm |
| 13:28 | Construir | Farm |
| 13:57 | Construir | Farm |
| 13:58 | Construir | Farm |
| 13:58 | Construir | Farm |
| 13:58 | Construir | Farm |
| 14:00 | Crear | Villager (Male) |
| 14:23 | Investigar | Gold Mining |
| 14:25 | Crear | Villager (Male) |
| 14:30 | Construir | Farm |
| 14:39 | Investigar | Wheelbarrow |
| 16:07 | Investigar | Town Watch |
| 16:21 | Crear | Villager (Male) |
| 16:22 | Crear | Villager (Male) |
| 16:49 | Investigar | Scale Barding Armor |
| 16:49 | Investigar | Forging |
| 17:16 | Construir | Farm |
| 17:19 | Construir | Mill |
| 17:24 | Investigar | Castle Age |
| 17:41 | Construir | Mining Camp |
| 18:22 | Investigar | Stone Mining |
| 18:30 | Crear | Villager (Male) |
| 18:31 | Crear | Villager (Male) |
| 18:31 | Crear | Villager (Male) |
| 18:32 | Crear | Villager (Male) |
| 18:32 | Crear | Villager (Male) |
| 18:33 | Crear | Villager (Male) |
| 19:06 | Investigar | Fletching |
| 19:06 | Investigar | Padded Archer Armor |
| 20:04 | Edad | Edad de los Castillos |
| 20:07 | Construir | Town Center |
| 20:14 | Construir | Town Center |
| 20:17 | Crear | Villager (Male) |
| 20:28 | Construir | Town Center |
| 20:34 | Construir | Monastery |
| 20:36 | Construir | Monastery |
| 20:40 | Crear | Villager (Male) |
| 20:40 | Crear | Villager (Male) |
| 20:41 | Crear | Villager (Male) |
| 20:48 | Investigar | Bodkin Arrow |
| 20:48 | Investigar | Leather Archer Armor |
| 21:08 | Crear | Villager (Male) |
| 21:08 | Crear | Villager (Male) |
| 21:10 | Crear | Villager (Male) ×5 |
| 21:41 | Crear | Villager (Male) |
| 22:10 | Crear | Villager (Male) |
| 22:10 | Crear | Villager (Male) |
| 22:11 | Crear | Villager (Male) |
| 22:12 | Crear | Villager (Male) |
| 22:12 | Crear | Villager (Male) |
| 22:12 | Crear | Villager (Male) |
| 22:39 | Construir | University |
| 22:44 | Construir | House |
| 22:46 | Construir | House |
| 22:47 | Construir | House |
| 22:49 | Construir | House |
| 22:50 | Construir | House |
| 22:51 | Construir | House |
| 22:54 | Construir | House |
| 22:58 | Crear | Villager (Male) ×5 |
| 23:01 | Investigar | Bow Saw |
| 23:02 | Investigar | Heavy Plow |
| 23:08 | Crear | Villager (Male) |
| 23:09 | Crear | Villager (Male) |
| 23:12 | Crear | Monk |
| 23:12 | Crear | Monk |
| 23:22 | Crear | Villager (Male) |
| 23:23 | Crear | Villager (Male) |
| 23:32 | Construir | Siege Workshop |
| 23:34 | Crear | Villager (Male) |
| 23:35 | Crear | Villager (Male) |
| 23:43 | Crear | Villager (Male) |
| 23:43 | Crear | Villager (Male) |
| 23:53 | Construir | House |
| 23:54 | Construir | House |
| 23:55 | Construir | House |
| 23:56 | Construir | House |
| 23:58 | Construir | House |
| 23:59 | Construir | House |
| 24:02 | Crear | Villager (Male) |
| 24:02 | Crear | Villager (Male) |
| 24:02 | Crear | Villager (Male) |
Build order — savinbel
Primeras 150 de 844 acciones detectadas
| 0:11 | Construir | House |
| 0:12 | Construir | House |
| 0:19 | Crear | Villager (Male) |
| 0:19 | Crear | Villager (Male) |
| 0:19 | Crear | Villager (Male) |
| 0:19 | Crear | Villager (Male) |
| 0:20 | Crear | Villager (Male) |
| 1:51 | Crear | Villager (Male) |
| 2:26 | Crear | Villager (Male) |
| 2:32 | Construir | Lumber Camp |
| 2:49 | Crear | Villager (Male) |
| 3:12 | Crear | Villager (Male) |
| 3:32 | Crear | Villager (Male) |
| 3:57 | Crear | Villager (Male) |
| 4:11 | Construir | House |
| 4:26 | Crear | Villager (Male) |
| 4:43 | Construir | Mill |
| 4:54 | Crear | Villager (Male) |
| 4:54 | Crear | Villager (Male) |
| 5:28 | Crear | Villager (Male) |
| 5:49 | Construir | House |
| 5:56 | Crear | Villager (Male) |
| 5:57 | Crear | Villager (Male) |
| 5:57 | Crear | Villager (Male) |
| 6:45 | Crear | Villager (Male) |
| 6:46 | Crear | Villager (Male) |
| 6:49 | Crear | Villager (Male) |
| 7:29 | Construir | House |
| 7:41 | Construir | Mining Camp |
| 7:47 | Crear | Villager (Male) |
| 8:30 | Construir | Mill |
| 8:31 | Crear | Villager (Male) |
| 8:45 | Construir | House |
| 9:07 | Construir | Mining Camp |
| 9:11 | Investigar | Feudal Age |
| 9:25 | Construir | House |
| 9:54 | Crear | Villager (Male) |
| 10:43 | Crear | Villager (Male) |
| 11:06 | Crear | Villager (Male) |
| 11:07 | Crear | Villager (Male) |
| 11:08 | Crear | Villager (Male) |
| 11:21 | Edad | Edad Feudal |
| 11:36 | Construir | Blacksmith |
| 11:40 | Construir | Market |
| 13:12 | Crear | Villager (Male) |
| 13:21 | Construir | Farm |
| 13:22 | Construir | Farm |
| 13:23 | Construir | Farm |
| 13:29 | Construir | Farm |
| 13:30 | Construir | Farm |
| 13:35 | Construir | Farm |
| 13:53 | Investigar | Castle Age |
| 13:57 | Construir | Farm |
| 14:14 | Construir | Farm |
| 14:36 | Construir | Farm |
| 15:01 | Construir | Farm |
| 15:14 | Investigar | Double-Bit Axe |
| 15:18 | Investigar | Horse Collar |
| 15:40 | Construir | Mill |
| 15:56 | Investigar | Stone Mining |
| 16:18 | Investigar | Gold Mining |
| 16:33 | Edad | Edad de los Castillos |
| 16:49 | Investigar | Wheelbarrow |
| 17:11 | Investigar | Heavy Plow |
| 17:24 | Investigar | Bow Saw |
| 17:39 | Construir | Castle |
| 17:52 | Crear | Villager (Male) |
| 18:12 | Crear | Villager (Male) |
| 18:46 | Construir | Monastery |
| 18:49 | Crear | Villager (Male) |
| 19:09 | Construir | Town Center |
| 19:23 | Crear | Villager (Male) |
| 19:40 | Crear | Villager (Male) |
| 19:47 | Investigar | Hand Cart |
| 20:08 | Crear | Villager (Male) |
| 20:24 | Crear | Villager (Male) |
| 20:32 | Construir | Lumber Camp |
| 20:38 | Crear | Villager (Male) |
| 20:49 | Crear | Villager (Male) |
| 20:59 | Crear | Monk |
| 21:02 | Crear | Villager (Male) |
| 21:02 | Crear | Villager (Male) |
| 21:02 | Crear | Villager (Male) |
| 21:02 | Crear | Villager (Male) |
| 21:07 | Crear | Villager (Male) |
| 21:07 | Crear | Villager (Male) |
| 21:09 | Construir | Farm |
| 21:24 | Construir | Town Center |
| 21:36 | Crear | Villager (Male) |
| 21:40 | Construir | House |
| 21:42 | Construir | House |
| 21:43 | Construir | House |
| 21:45 | Construir | House |
| 21:51 | Construir | Palisade Wall |
| 22:09 | Construir | Farm |
| 22:10 | Crear | Villager (Male) |
| 22:42 | Crear | Villager (Male) |
| 22:47 | Crear | Villager (Male) |
| 22:56 | Construir | Farm |
| 23:06 | Crear | Villager (Male) |
| 23:20 | Construir | Farm |
| 23:22 | Construir | Farm |
| 23:23 | Construir | Farm |
| 23:24 | Construir | Farm |
| 23:26 | Construir | Farm |
| 23:28 | Construir | Farm |
| 23:29 | Construir | Farm |
| 23:31 | Construir | Farm |
| 23:34 | Construir | Mill |
| 23:39 | Crear | Villager (Male) |
| 23:39 | Crear | Villager (Male) |
| 23:40 | Crear | Villager (Male) |
| 23:44 | Construir | Farm |
| 23:47 | Construir | Farm |
| 23:52 | Crear | Villager (Male) |
| 23:52 | Crear | Villager (Male) |
| 23:53 | Crear | Villager (Male) |
| 24:08 | Investigar | Fervor |
| 24:12 | Crear | Villager (Male) |
| 24:13 | Crear | Villager (Male) |
| 24:13 | Crear | Villager (Male) |
| 24:19 | Construir | Farm |
| 24:20 | Construir | Farm |
| 24:25 | Construir | House |
| 24:30 | Construir | Farm |
| 24:31 | Construir | Farm |
| 24:36 | Construir | Mill |
| 24:38 | Crear | Villager (Male) |
| 24:39 | Crear | Villager (Male) |
| 24:39 | Crear | Villager (Male) |
| 24:46 | Construir | Town Center |
| 24:59 | Crear | Villager (Male) |
| 25:00 | Crear | Villager (Male) |
| 25:00 | Crear | Villager (Male) |
| 25:03 | Crear | Villager (Male) |
| 25:03 | Crear | Villager (Male) |
| 25:03 | Crear | Villager (Male) |
| 25:06 | Crear | Villager (Male) |
| 25:07 | Crear | Villager (Male) |
| 25:18 | Crear | Villager (Male) |
| 25:18 | Crear | Villager (Male) |
| 25:24 | Crear | Villager (Male) |
| 25:24 | Crear | Villager (Male) |
| 25:25 | Crear | Villager (Male) |
| 25:34 | Investigar | Forging |
| 25:38 | Construir | House |
| 25:39 | Construir | House |
| 25:40 | Construir | House |
| 25:43 | Construir | University |
| 25:46 | Crear | Villager (Male) |
Cronología de la partida
| 11:06 | emremaxcom · age_up feudal |
| 11:21 | savinbel · age_up feudal |
| 16:33 | savinbel · age_up castle |
| 17:39 | savinbel · first_building Castle |
| 18:46 | savinbel · first_building Monastery |
| 20:04 | emremaxcom · age_up castle |
| 20:34 | emremaxcom · first_building Monastery |
| 21:51 | savinbel · wall_segment Palisade Wall x7 |
| 23:32 | emremaxcom · first_building Siege Workshop |
| 24:37 | emremaxcom · first_building Barracks |
| 24:58 | emremaxcom · first_building Castle |
| 25:57 | savinbel · first_building Barracks |
| 28:58 | savinbel · first_building Siege Workshop |
| 32:07 | emremaxcom · first_building Stable |
| 32:21 | savinbel · first_building Archery Range |
| 36:22 | savinbel · age_up imperial |
| 37:05 | savinbel · first_market_sell 500 wood |
| 38:02 | savinbel · wall_segment Palisade Wall x1 |
| 38:43 | emremaxcom · age_up imperial |
| 45:54 | emremaxcom · first_market_sell 500 stone |
| 50:55 | emremaxcom · first_building Archery Range |
| 52:03 | savinbel · wall_segment Palisade Wall x1 |
| 56:39 | savinbel · first_building Stable |
| 79:10 | emremaxcom · resign |
[ ANÁLISIS IA · 1 CRÉDITO ]
¿Qué pasó realmente en esta partida?
Wolo.gg analiza cada decisión: build order, eco, micro, errores típicos por bracket. Análisis personalizado por WhatsApp o Discord en 30 segundos.
Guía civ
Wu
Guía mapa
Arena
Perfil
Jugador #22181981